 Dungeon Crawl Stone Soup version 0.31.0-4-g52a2dc7128 (webtiles) character file.

Game seed: 5490857954646851114

192 tacotaco the Chopper (level 5, -1/47 HPs)
             Began as a Hill Orc Fighter on Jan 21, 2024.
             Slain by Grinder (3 damage)
             ... on level 3 of the Dungeon on Jan 22, 2024.
             The game lasted 00:05:29 (3061 turns).

tacotaco the Chopper (Hill Orc Fighter)             Turns: 3061, Time: 00:05:29

Health: -1/47      AC:  9    Str: 19    XL:     5   Next: 71%
Magic:  5/5        EV:  9    Int:  8    God:
Gold:   165        SH:  6    Dex: 12    Spells: 4/4 levels left

rFire   . . .        a - +1 war axe
rCold   . . .        c - +1 buckler
rNeg    . . .        b - +0 scale mail
rPois   .            (no helmet)
rElec   .            (no cloak)
rCorr   .            (no gloves)
SInv    .            (no boots)
Will    .....        (no amulet) Stlth
                     j - ring of flight
HPRegen 0.27/turn    (no ring)
MPRegen 0.09/turn

%: no passive effects
@: flying
A: iridescent scales 1, no potion heal 1
a: no special abilities


You were on level 3 of the Dungeon.
You visited 1 branch of the dungeon, and saw 3 of its levels.

You collected 165 gold pieces.

Inventory:

Hand Weapons
 a - a +1 war axe (weapon)
Armour
 b - a +0 scale mail (worn)
 c - a +1 buckler (worn)
Jewellery
 j - a ring of flight (left hand)
Wands
 l - a wand of roots (9)
Scrolls
 e - 2 scrolls of teleportation
Potions
 f - a potion of heal wounds {unknown}
 g - a potion of invisibility
 h - a potion of resistance {unknown}
 i - a potion of brilliance {unknown}
 k - a potion of curing {unknown}
 n - a potion of ambrosia {unknown}


   Skills:
 + Level 4.4 Fighting
 + Level 5.4 Axes
 + Level 4.4 Armour
 + Level 0.2 Dodging
 + Level 3.9 Shields


You had 4 spell levels left.
You didn't know any spells.
Your spell library contained the following spells:

 Spells                   Type           Power      Damage    Failure   Level
 Slow                     Hex            0%         N/A       83%         1
 Confusing Touch          Hex            0%         N/A       99%         3
 Sigil of Binding         Hex            0%         N/A       99%         3
 Vampiric Draining        Necr           0%         2d6       99%         3


Dungeon Overview and Level Annotations

Branches:
Dungeon (3/15)

Altars:
Xom
Yredelemnul

Annotations:
D:3 Grinder


Innate Abilities, Weirdness & Mutations

You are partially covered in iridescent scales. (AC +2)
Potions are less effective at restoring your health.


Message History

The hobgoblin is almost dead.
The hobgoblin barely misses you.
You hit the hobgoblin.
You kill the hobgoblin!
You barely miss Grinder. Grinder gestures at you.
You suddenly lose the ability to move!
Grinder gestures at you.
You shrug off the repeated paralysis!
Grinder hits you. x2
You writhe in agony.
Grinder gestures at you. Pain shoots through your body!
You can move again.
You barely miss Grinder. Grinder hits you.
You writhe in agony.
You slash Grinder!
Grinder is moderately wounded.
Grinder gestures at you. Pain shoots through your body!
You closely miss Grinder.
Grinder is moderately wounded.
Grinder closely misses you. Grinder gestures at you.
Pain shoots through your body!
* * * LOW HITPOINT WARNING * * *
You hit Grinder but do no damage.
Grinder is moderately wounded.
Grinder gestures at you.
You barely resist. You barely miss Grinder.
Grinder is moderately wounded.
Grinder hits you.
* * * LOW HITPOINT WARNING * * *
You writhe in agony.
* * * LOW HITPOINT WARNING * * *
You hit Grinder but do no damage.
Grinder is moderately wounded.
Grinder hits you.
You die...
Grinder says, "Hey, I wasn't done torturing you yet!"

....#.........#.####..###########
#..................#†.# #######
###############.......# #......
#.#.##.# #.##### ♣ #.#.##.#
#.##### #.#.#.##.# #...)..
#.#....#5#####.##.#.


#.†5..PPPPPPPPPPP.P. #@..P.........P.P. #.#.P.P.PPP†PPP.P. #.##P.P.P...P...P.
#.##P.PPPPP.PPP.P. #.##P.....P.....P. #...P.PPP.PPPPPP.. ###...P...P.......
##P.P.PPP.PPPPP. ..P.P.........P. You could see Grinder.

Vanquished Creatures
  Ijyb (D:3)
  2 hound zombies (D:3)
  6 adders
  An adder zombie (D:3)
  A dart slug (D:2)
  3 ribbon worms
  2 orcs
  6 endoplasms
  3 giant cockroaches
  6 goblins
  8 hobgoblins
  5 quokkas
  6 ball pythons
  3 bats (D:1)
  6 frilled lizards
  A jackal zombie (D:3)
  3 kobolds
  10 rats
73 creatures vanquished.

Notes
Turn   | Place    | Note
-------+----------+-------------------------------------------
     0 | D:1      | tacotaco the Hill Orc Fighter began the quest for the Orb.
     0 | D:1      | Reached XP level 1. HP: 19/19 MP: 1/1
   154 | D:1      | Reached skill level 3 in Axes
   154 | D:1      | Reached XP level 2. HP: 27/27 MP: 2/2
   379 | D:1      | Reached XP level 3. HP: 31/33 MP: 3/3
  1034 | D:2      | Reached skill level 4 in Axes
  1114 | D:2      | Reached XP level 4. HP: 32/40 MP: 4/4
  1154 | D:2      | Gained mutation: You are partially covered in iridescent
                  | scales. (AC +2) [potion of mutation]
  1154 | D:2      | Gained mutation: Potions are less effective at restoring
                  | your health. [potion of mutation]
  2070 | D:3      | Found a shimmering altar of Xom.
  2078 | D:3      | Reached skill level 5 in Axes
  2112 | D:3      | Noticed Ijyb
  2137 | D:3      | Killed Ijyb
  2138 | D:3      | Reached XP level 5. HP: 16/46 MP: 5/5
  2546 | D:3      | Found a basalt altar of Yredelemnul.
  2627 | D:3      | Noticed Grinder
  2643 | D:3      | Paralysed by Grinder for 5 turns
  2654 | D:3      | Paralysed by Grinder for 4 turns
  2863 | D:3      | Paralysed by Grinder for 2 turns
  2871 | D:3      | Paralysed by Grinder for 2 turns
  3051 | D:3      | Paralysed by Grinder for 5 turns
  3060 | D:3      | HP: 2/47 [Grinder (4)]
  3061 | D:3      | Slain by Grinder

Illustrated notes

Levels and vault maps discovered:
D:1:      spicycebolla_arrival_ecumenical, layout_basic, minmay_misc_feat_rows
D:2:      minmay_diamond_boxcup, layout_basic, serial_co_window_serial,
          co_window_paths_a, co_window_of_opportunity_a, co_window_paths_a,
          co_window_corner_a, co_window_paths_b, co_window_corner_ca,
          co_window_unsneaky_path_e, co_window_corner_b,
          co_window_of_opportunity_c, co_window_4corner_a, glass_columns_a,
          glass_columns_b, glass_columns_b, glass_columns_a, glass_columns_c,
          minmay_misc_feat_tiny, hex_intersection
D:3:      layout_loops_ring, lemuel_crystal_altar,
          nicolae_yredelemnul_corpse_copse, minmay_hedge_maze,
          grunt_ministairs_11, uniq_ijyb, uniq_grinder

Skill      XL: |  1  2  3  4 |
---------------+-------------+-----
Axes           | 3 4 5 |  5.4
Fighting       | 4 |  4.4
Armour         | 4 |  4.4
Dodging        | |  0.2
Shields        | |  3.9

Action                     |  1- 3 |  4- 6 || total
---------------------------+-------+-------++-------
  Melee: War axe           |   102 |   152 ||   254
    Use: Scroll            |     2 |     5 ||     7
         Potion            |       |     3 ||     3
   Stab: Invisible         |       |     1 ||     1
 Armour: Scale mail        |    67 |    88 ||   155
  Dodge: Dodged            |    48 |    50 ||    98
  Block: Buckler           |    20 |    25 ||    45
